 Dungeon Crawl Stone Soup version 0.29-a0-876-gfc89b1a5bd (webtiles) character file.

Game seed: 13577036268853669767

19172 greasedhog the Basher (level 12, 0/115 HPs)
             Began as a Gargoyle Berserker on July 19, 2022.
             Was an Elder of Trog.
             Slain by a black mamba (9 damage)
             ... on level 2 of the Lair of Beasts.
             The game lasted 00:31:15 (15464 turns).

greasedhog the Basher (Gargoyle Berserker)         Turns: 15464, Time: 00:31:15

Health: 0/115      AC: 32    Str: 20    XL:     12   Next: 66%
Magic:  12/12      EV:  9    Int: 10    God:    Trog [****..]
Gold:   634        SH:  0    Dex: 13    Spells: 11/11 levels left

rFire   . . .      SeeInvis .   a - +4 whip
rCold   . . .      Faith    .   (no shield)
rNeg    + + .      Spirit   .   J - +0 plate armour
rPois   ∞          Reflect  .   M - +2 hat
rElec   +          Harm     .   B - scarf {+Inv}
rCorr   .          Rampage  .   v - +0 pair of gloves
Will    ++...                   A - +0 pair of boots
Stlth   ..........              K - amulet of regeneration
HPRegen 2.09/turn               D - ring of positive energy
MPRegen 0.13/turn               E - +4 ring of protection

@: berserking, strong-willed (expiring), attractive, regenerating (expiring),
very quick
A: sickness immunity, AC +8, negative energy resistance 1, electricity
resistance, torment resistance 1, petrification resistance
a: Renounce Religion, Evoke Invisibility, Berserk, Trog's Hand, Brothers in Arms


You were on level 2 of the Lair of Beasts.
You worshipped Trog.
Trog was greatly pleased with you.
You visited 3 branches of the dungeon, and saw 15 of its levels.
You also visited: Sewer.

You collected 643 gold pieces.
You spent 9 gold pieces at shops.

Inventory:

Hand Weapons
 a - a +4 whip (weapon)
 w - a +0 whip of freezing
Missiles
 d - 5 atropa-tipped darts
 r - a curare-tipped dart
 s - 10 poisoned darts
 x - a throwing net (quivered)
Armour
 v - a +0 pair of gloves (worn)
 A - a +0 pair of boots (worn)
 B - a scarf of invisibility (worn)
 J - a +0 plate armour (worn)
 M - a +2 hat (worn)
Jewellery
 D - a ring of positive energy (left hand)
 E - a +4 ring of protection (right hand)
 K - an amulet of regeneration (around neck)
Wands
 u - a wand of digging (6)
 F - a wand of mindburst (34)
 H - a wand of paralysis (2)
 P - a wand of acid (6)
Scrolls
 b - 5 scrolls of teleportation
 e - a scroll of enchant weapon
 g - 2 scrolls of fog
 j - a scroll of vulnerability
 k - 3 scrolls of blinking
 l - 2 scrolls of immolation
 q - 5 scrolls of enchant armour
 y - a scroll of magic mapping {unknown}
 G - 4 scrolls of torment {unknown}
 I - a scroll of fear {unknown}
 L - a scroll of summoning {unknown}
 N - a scroll of poison {unknown}
 O - a scroll of acquirement {unknown}
 R - a scroll of identify
Potions
 c - 3 potions of heal wounds {unknown}
 f - 4 potions of attraction
 h - 3 potions of might {unknown}
 i - 3 potions of degeneration {unknown}
 m - a potion of mutation {unknown}
 n - a potion of haste {unknown}
 o - 2 potions of invisibility {unknown}
 p - 8 potions of curing {unknown}
 t - a potion of flight {unknown}
 z - 2 potions of lignification {unknown}
 C - 3 potions of berserk rage {unknown}
 Q - a potion of brilliance {unknown}


   Skills:
 - Level 10.2 Fighting
 - Level 12.0 Maces & Flails
 - Level 10.0 Armour
 * Level 7.7 Dodging
 * Level 7.0 Evocations


You had 11 spell levels left.
You didn't know any spells.
Your spell library was empty.

Dungeon Overview and Level Annotations

Branches:
Dungeon (12/15)            Temple (1/1) D:5            Lair (2/5) D:11
    Orc (0/2) D:9           Sewer (visited)
  Swamp: Lair:2-3    Shoals: Lair:2-3     Snake: Lair:2-3    Spider: Lair:2-3

Altars:
Ashenzari
Cheibriados
Dithmenos
Elyvilon
Fedhas
Gozag
Hepliaklqana
Kikubaaqudgha
Makhleb
Nemelex Xobeh
Okawaru
Qazlal
Ru
Sif Muna
Trog
Uskayaw
Vehumet
Wu Jian
Xom
Yredelemnul
Zin
The Shining One

Shops:
D:5 (   D:6 [   D:10 [

Annotations:
D:10 Lodul
Lair:1 exclusion: oklob plant


Innate Abilities, Weirdness & Mutations

You are immune to sickness and miasma.
Your stone body is resilient. (AC +8)
You are immune to poison.
You resist negative energy. (rN+)
You are resistant to electric shocks. (rElec)
You are resistant to unholy torment.
You are immune to petrification.


Message History

The komodo dragon bites you but does no damage.
The black mamba attacks as you move away!
The black mamba bites you but does no damage.
The black mamba closely misses you. The black mamba bites you!
The black mamba attacks as you move away!
The black mamba splashes around in the water.
The black mamba attacks as you move away!
The black mamba bites you but does no damage.
The black mamba bites you.
You see here an elephant corpse.
The black mamba attacks as you move away!
The black mamba bites you!
The black mamba attacks as you move away!
The black mamba bites you.
* * * LOW HITPOINT WARNING * * *
The black mamba bites you!
* * * LOW HITPOINT WARNING * * *
The black mamba closely misses you.
It was a potion of attraction.
You feel attractive to monsters.
The black mamba bites you but does no damage.
The black mamba bites you.
* * * LOW HITPOINT WARNING * * *
Okay, then.
Your skin crawls.
You feel strong-willed.
The black mamba bites you but does no damage.
The black mamba bites you.
* * * LOW HITPOINT WARNING * * *
The black mamba bites you.
* * * LOW HITPOINT WARNING * * *
The black mamba bites you but does no damage.
A red film seems to cover your vision as you go berserk!
You feel yourself moving faster!
You feel mighty!
You feel the effects of Trog's Hand fading.
The black mamba bites you but does no damage. x4
You miss the black mamba.
The black mamba bites you but does no damage.
The black mamba bites you!
You die...

.#.P...P...... ##..#..#....P#
#......P.....###..##.)#....##
..#.P....#.#......>..##..#.#
.###....#........#######..##
.# ###...#...#...# ..# ##
##.........### ### .#
#.......†...# ..
#P.#..†..†.P# ##...†††≈.@##
##.....≈≈SS## #.....)≈≈≈l.#
...###.†.≈≈≈.P# ..
#.....≈.†## ##.......#
##....†## #P.....# .....<...#


You could see a komodo dragon and 2 black mambas.

Vanquished Creatures
  2 two-headed ogres
  Pikel (D:4)
  A cyclops (D:8)
  4 elephants (Lair:1)
  Joseph (D:8)
  A black mamba (Lair:1)
  A cane toad (Lair:2)
  3 trolls (D:11)
  5 blink frogs (Lair:1)
  Grinder (D:4)
  3 hornets
  A spriggan (D:11)
  2 wyverns
  2 steam dragons
  35 yaks
  A basilisk (Lair:2)
  7 vampire mosquitoes
  10 water moccasins
  Duvessa (D:4)
  2 orc warriors
  3 ice beasts
  A sky beast (D:7)
  3 black bears
  2 centaurs
  3 ogres
  3 lemures (D:4)
  2 phantoms (D:6)
  Blork the orc (D:4)
  2 kobold brigands (Sewer)
  15 bullfrogs
  6 necrophages (Lair:2)
  A gnoll sergeant (D:9)
  5 scorpions
  Dowan (D:4)
  An electric eel (Lair:1)
  8 howler monkeys
  A hound (D:5)
  2 jellies
  7 orc priests
  A gnoll bouda (D:3)
  Ijyb (D:3)
  4 hell rats (Lair:2)
  3 iguanas
  8 orc wizards
  13 gnolls
  9 adders
  2 river rats (Sewer)
  2 white imps
  2 ufetubi (D:4)
  5 worms
  38 orcs
  12 ball pythons
  11 endoplasms
  4 giant cockroaches
  8 goblins
  6 hobgoblins
  2 jackals (D:3)
  15 kobolds
  4 quokkas
  7 bats
  3 frilled lizards
  9 rats
320 creatures vanquished.

Vanquished Creatures (others)
  A demonic plant (D:12)
  11 fungi
  15 plants
27 creatures vanquished.

Grand Total: 347 creatures vanquished

Notes
Turn   | Place    | Note
-------+----------+-------------------------------------------
     0 | D:1      | greasedhog the Gargoyle Berserker began the quest for the
                  | Orb.
     0 | D:1      | Reached XP level 1. HP: 14/14 MP: 1/1
   380 | D:1      | Reached XP level 2. HP: 19/19 MP: 2/2
   737 | D:1      | Found a faded altar of an unknown god.
  1350 | D:2      | Reached skill level 4 in Maces & Flails
  1622 | D:2      | Reached XP level 3. HP: 20/23 MP: 3/3
  1907 | D:2      | Reached ** piety under Trog
  1908 | D:2      | Reached XP level 4. HP: 15/28 MP: 4/4
  2459 | D:2      | Reached skill level 5 in Maces & Flails
  2909 | D:3      | Reached XP level 5. HP: 32/32 MP: 5/5
  3225 | D:3      | Found a glowing drain.
  3255 | Sewer    | Entered a sewer
  3369 | Sewer    | Reached XP level 6. HP: 37/37 MP: 6/6
  3523 | Sewer    | Reached skill level 6 in Maces & Flails
  3705 | Sewer    | Reached *** piety under Trog
  3814 | D:3      | Found a glowing silver altar of Zin.
  3870 | D:3      | Found a stormy altar of Qazlal.
  3920 | D:3      | Noticed Ijyb
  3934 | D:3      | Killed Ijyb
  3935 | D:3      | Reached XP level 7. HP: 41/41 MP: 7/7
  3967 | D:3      | Found a sacrificial altar of Ru.
  4109 | D:3      | Reached skill level 5 in Armour
  4266 | D:4      | Noticed Blork the orc
  4452 | D:4      | Killed Blork the orc
  4453 | D:4      | Reached skill level 7 in Maces & Flails
  4467 | D:4      | Noticed Duvessa
  4473 | D:4      | Noticed Dowan
  4507 | D:4      | Killed Duvessa
  4510 | D:4      | Killed Dowan
  4587 | D:4      | Noticed Pikel
  4605 | D:4      | Killed Pikel
  4606 | D:4      | Reached skill level 8 in Maces & Flails
  4606 | D:4      | Reached XP level 8. HP: 9/51 MP: 8/8
  4904 | D:4      | Found an iron altar of Okawaru.
  4956 | D:4      | Found a shimmering altar of Xom.
  5174 | D:4      | Noticed a yak
  5174 | D:4      | Noticed a yak
  5175 | D:4      | Noticed a yak
  5175 | D:4      | Noticed a yak
  5187 | D:4      | Killed a yak
  5194 | D:4      | Killed a yak
  5197 | D:4      | Killed a yak
  5198 | D:4      | Reached skill level 9 in Maces & Flails
  5198 | D:4      | Reached XP level 9. HP: 55/55 MP: 9/9
  5549 | D:4      | Noticed Grinder
  5568 | D:4      | Killed Grinder
  5896 | D:5      | Entered Level 5 of the Dungeon
  5896 | D:5      | Found Naibeiz's Weapon Shoppe.
  5908 | D:5      | Bought 2 poisoned darts for 9 gold pieces
  6087 | D:5      | Found a staircase to the Ecumenical Temple.
  6102 | Temple   | Entered the Ecumenical Temple
  6827 | D:5      | Reached skill level 10 in Maces & Flails
  7154 | D:6      | Reached skill level 5 in Dodging
  7290 | D:6      | Found Odwuorori's Antique Armour Boutique.
  7303 | D:6      | Reached skill level 1 in Evocations
  7656 | D:6      | Found a basalt altar of Yredelemnul.
  7677 | D:6      | Found a glowing golden altar of the Shining One.
  7700 | D:6      | Reached XP level 10. HP: 51/60 MP: 10/10
  8009 | D:7      | Found a broken altar of Ashenzari.
  8151 | D:7      | Reached skill level 11 in Maces & Flails
  8155 | D:7      | Reached **** piety under Trog
  8522 | D:7      | Found a snail-covered altar of Cheibriados.
  9103 | D:8      | Reached skill level 5 in Evocations
  9289 | D:8      | Noticed Joseph
  9307 | D:8      | Killed Joseph
  9537 | D:8      | Noticed a cyclops
  9564 | D:8      | Killed a cyclops
  9565 | D:8      | Reached skill level 12 in Maces & Flails
 10271 | D:9      | Reached XP level 11. HP: 64/68 MP: 11/11
 11104 | D:9      | Noticed a two-headed ogre
 11122 | D:9      | Killed a two-headed ogre
 11434 | D:9      | Found a staircase to the Orcish Mines.
 11499 | D:10     | Entered Level 10 of the Dungeon
 11522 | D:10     | Found a hide-covered altar of Uskayaw.
 11870 | D:10     | Noticed Lodul
 12074 | D:10     | Found Hadad-Baal's Dragon-Slaying Spoils.
 12137 | D:10     | Found a burning altar of Makhleb.
 12671 | D:11     | Noticed a two-headed ogre
 12682 | D:11     | Killed a two-headed ogre
 12683 | D:11     | Reached skill level 10 in Fighting
 12711 | D:11     | Found a staircase to the Lair.
 13360 | D:11     | Reached XP level 12. HP: 59/77 MP: 12/12
 13955 | Lair:1   | Entered Level 1 of the Lair of Beasts
 14275 | Lair:1   | Reached skill level 10 in Armour
 14520 | Lair:1   | Identified the +9 halberd of Tomorrow {drain, rF+ rC+}
 15008 | Lair:1   | You fall into a shaft and drop 1 floor!
 15464 | Lair:2   | Slain by a black mamba

Illustrated notes

Levels and vault maps discovered:
D:1:      lightli_arrival_quake, layout_basic,
          chequers_ecumenical_altar_simple_redux
D:2:      layout_basic, minmay_split_cup_small
D:3:      layout_rooms, mainiacjoe_overflow_concentric_impassable,
          general_overflow_altar, lemuel_crystal_altar, portal_sewer_entry_a,
          minmay_cupped, uniq_ijyb
D:4:      layout_loops_ring, lemuel_round_altar, xom_teletrap_fun, uniq_pikel,
          uniq_grinder, uniq_blork_the_orc, uniq_duvessa
D:5:      layout_cave_pools, minmay_temple_entry_slanted, serial_shops,
          nicolae_stop_n_shop_2, hangedman_decor_slide_cut
D:6:      layout_basic, mainiacjoe_overflow_six_doors_small,
          kennysheep_little_box, serial_shops, shop_statue,
          kennysheep_pointless_box
D:7:      layout_gridville, mainiacjoe_overflow_brackets,
          evilmike_ruin_ashenzari, nicolae_hexahallways
D:8:      layout_basic, uniq_joseph
D:9:      layout_roguey, orc_0_dummy
D:10:     layout_long_grid, mainiacjoe_overflow_cross_hatched,
          nicolae_uskayaw_dance_hall, nicolae_shop_dragon_depot, uniq_lodul
D:11:     layout_basic, grunt_lair_entry_orc_guard_hut, the_hattery
D:12:     layout_rooms, serial_shops,
          nicolae_shop_temple_entry_statues_fountains, serial_demonic,
          serial_demonic_c, serial_demonic_f, serial_demonic_a,
          serial_demonic_f, serial_demonic_b, serial_demonic_e, uniq_kirke
Temple:   jpeg_temple_clearing
Lair:1:   layout_regular_city, minmay_holes, serial_bayou_shore_a,
          serial_bayou_shore_b, serial_bayou_shore_b, grunt_megastairs_5
Lair:2:   layout_misc_corridors, spider_nest_entry_funnel_web, st_stairs_4,
          roderic_carrion_pond, uniq_nergalle

Skill      XL: |  1  2  3  4  5  6  7  8  9 10 11 12 |
---------------+-------------------------------------+-----
Maces & Flails | 4 5 6 8 9 10 12 | 12.0
Armour         | 3 4 5 9 10 | 10.0
Fighting       | 6 7 10 | 10.2
Dodging        | 3 5 7 |  7.7
Evocations     | 2 5 7 |  7.0

Action                   |  1- 3 |  4- 6 |  7- 9 | 10-12 || total
-------------------------+-------+-------+-------+-------++-------
Melee: Mace              |    69 |    67 |       |       ||   136
       Whip              |       |   175 |   413 |  1264 ||  1852
       Punch             |       |     2 |     5 |    22 ||    29
 Fire: Sling             |    24 |       |       |       ||    24
Throw: Dart              |       |       |     3 |     1 ||     4
       Throwing net      |       |       |       |     1 ||     1
Invok: Berserk           |       |     2 |     9 |    10 ||    21
       Trog's Hand       |       |     2 |     5 |     6 ||    13
  Use: Scroll            |       |     4 |     2 |     3 ||     9
       Potion            |       |       |       |     2 ||     2
 Stab: Invisible         |       |       |     2 |       ||     2
Armor: Animal skin       |     6 |       |       |       ||     6
       Ring mail         |    32 |    70 |       |       ||   102
       Scale mail        |       |     8 |    83 |       ||    91
       Chain mail        |       |       |    89 |   296 ||   385
       Plate armour      |       |       |       |   324 ||   324
Dodge: Dodged            |    61 |   120 |   139 |   361 ||   681

Table legend: (Time is in decaauts)
 A = Elapsed time spent in this place.
 B = Non-inter-level travel time spent in this place.
 C = Inter-level travel time spent in this place.
 D = Time resting spent in this place.
 E = Time spent auto-exploring this place.
 F = Levels seen in this place.
 G = Mean time per level.
                   A        B        C        D        E       F      G
               +--------+--------+--------+--------+--------+-----+--------+
         Total |  14944 |  14519 |    425 |   2261 |   9187 |  16 |  934.0 |
       Dungeon |  13072 |  12659 |    413 |   2127 |   8290 |  12 | 1089.3 |
        Temple |     89 |     77 |     12 |      0 |     65 |   1 |   89.0 |
          Lair |   1261 |   1261 |      0 |     56 |    671 |   2 |  630.5 |
         Sewer |    519 |    519 |      0 |     78 |    160 |   1 |  519.0 |
               +--------+--------+--------+--------+--------+-----+--------+

Top non-repeatable levels by time:
     D:2: 1538 daAuts
     D:1: 1350 daAuts
     D:8: 1349 daAuts
     D:9: 1331 daAuts
     D:4: 1293 daAuts
     D:3: 1266 daAuts
    D:11: 1234 daAuts
    D:10: 1053 daAuts
     D:5: 1041 daAuts
  Lair:1: 906 daAuts
     D:6: 834 daAuts
     D:7: 772 daAuts
   Sewer: 519 daAuts
  Lair:2: 355 daAuts
  Temple: 89 daAuts
